AoeStats
← PJRC

Nomad

506090504Analyzed
4v4 RM · 20d ago on Sep 12, 2026· 53m 36s· 8 players
Game mode
Random Map
Map size
231×231
Population
200
Speed
Normal
Resources
Standard
Victory
Conquest
Starting age
Dark Age
Ending age
Imperial Age
RankedLock teamsTeams togetherTeam positionsShared explorationLock speedFull tech treeHidden civsTurbo modeCheats
Victory
Defeat
🇬🇧 Persians · United Kingdom
705
+14
🇷🇺 Vietnamese · Russia
690
+15
🇫🇷 Byzantines · France
680
+15
🇬🇧 Celts · United Kingdom
655
+16
🇰🇷 Goths · South Korea
722
-17
🇨🇳 Vietnamese · China
704
-17
🇵🇹 Chinese · Portugal
633
-14
🇨🇿 Poles · Czechia
574
-12
ApollonTour
4:27 Loom
15:50 Feudal Age
17:18 Horse Collar
17:28 Double-Bit Axe
18:24 Wheelbarrow
24:16 Castle Age
23:06 Stone Mining
23:11 Gold Mining
24:59 Heavy Plow
25:13 Bow Saw
28:46 Ballistics
30:48 Murder Holes
33:20 Fletching
35:38 Bodkin Arrow
39:50 Imperial Age
38:27 Hand Cart
38:47 Forging
38:55 Scale Barding Armor
39:15 Treadmill Crane
41:05 Conscription
42:12 Logistica
43:45 Chemistry
43:56 Two-Man Saw
43:35 Crop Rotation
44:44 Iron Casting
44:30 Chain Barding Armor
44:08 Elite Cataphract
46:06 Bracer
48:55 Plate Barding Armor
BOOSON 8
12:16 Loom
20:02 Feudal Age
23:03 Man-at-Arms
23:29 Arson
25:04 Horse Collar
26:40 Double-Bit Axe
28:54 Gold Mining
28:54 Stone Mining
29:51 Wheelbarrow
32:11 Castle Age
37:09 Caravan
38:22 Coinage
38:37 Heavy Plow
38:51 Bow Saw
39:37 Gold Shaft Mining
39:38 Stone Shaft Mining
45:40 Imperial Age
45:22 Loom
45:54 Hand Cart
45:20 Elite War Elephant
46:21 Conscription
47:25 Guilds
47:46 Banking
51:05 Chemistry
AchievingKitKat
3:29 Loom
15:23 Feudal Age
17:13 Wheelbarrow
16:27 Double-Bit Axe
16:40 Fishing Lines
17:16 Town Watch
20:33 Gold Mining
20:45 Stone Mining
22:52 Forging
22:53 Scale Mail Armor
27:18 Castle Age
27:48 Man-at-Arms
28:13 Gambesons
28:19 Arson
29:18 Gold Shaft Mining
29:18 Stone Shaft Mining
28:58 Bow Saw
30:02 Hand Cart
29:57 Town Patrol
33:31 Gillnets
35:03 Stronghold
36:05 Medium Warships
36:48 Treadmill Crane
37:19 Masonry
37:31 Ballistics
38:13 Chain Mail Armor
38:33 Iron Casting
41:31 Murder Holes
41:47 Fortified Wall
41:58 Ballistics
46:22 Horse Collar
49:24 Imperial Age
46:38 Pikeman
50:45 Plate Mail Armor
51:39 Blast Furnace
50:28 Halberdier
53:07 Conscription
53:43 Heavy Plow
Light
3:34 Loom
15:43 Feudal Age
16:17 Double-Bit Axe
18:29 Horse Collar
19:30 Town Watch
19:46 Fishing Lines
20:10 Stone Mining
24:33 Castle Age
23:57 Wheelbarrow
24:22 Gold Mining
25:23 Fletching
26:19 Hand Cart
27:00 Bodkin Arrow
28:24 Bow Saw
28:16 Heavy Plow
29:11 Murder Holes
30:12 Ballistics
32:00 Thumb Ring
31:56 Padded Archer Armor
40:17 Imperial Age
37:53 Town Patrol
38:32 Stone Shaft Mining
38:58 Leather Archer Armor
41:10 Bracer
41:40 Ring Archer Armor
42:12 Chemistry
41:35 Paper Money
41:35 Elite Rattan Archer
43:38 Two-Man Saw
43:12 Crop Rotation
42:40 Capped Ram
43:49 Siege Engineers
43:25 Treadmill Crane
43:56 Fortified Wall
45:44 Hoardings
45:08 Elite Cannon Galleon
46:41 Medium Warships
53:14 Heavy Warships
52:39 Gillnets
52:10 Demolition Ship
53:04 Clinker Construction
53:06 Careening
rananculus
4:58 Loom
18:39 Feudal Age
19:15 Double-Bit Axe
20:24 Fishing Lines
23:35 Town Watch
24:25 Wheelbarrow
23:17 Man-at-Arms
24:03 Scale Mail Armor
24:39 Horse Collar
28:06 Castle Age
29:06 Pikeman
29:47 Squires
29:08 Long Swordsman
30:27 Hand Cart
30:13 Town Patrol
32:04 Heavy Plow
32:18 Bow Saw
32:14 Gold Mining
32:14 Stone Mining
37:21 Imperial Age
35:58 Anarchy
38:12 Stone Shaft Mining
38:06 Two-Handed Swordsman
39:04 Perfusion
41:28 Forging
41:34 Chain Mail Armor
42:20 Conscription
43:56 Crop Rotation
42:58 Halberdier
44:48 Conscription
44:25 Champion
45:43 Iron Casting
45:29 Elite Huskarl
47:22 Chemistry
46:50 Ballistics
49:29 Blast Furnace
48:59 Masonry
48:45 Murder Holes
Rendys_XII
11:22 Loom
23:02 Feudal Age
23:51 Horse Collar
23:58 Double-Bit Axe
29:24 Bloodlines
33:38 Castle Age
35:21 Gold Mining
38:51 Light Cavalry
40:00 Caravan
40:54 Forging
40:34 Fletching
40:53 Stone Mining
42:23 Bow Saw
42:16 Heavy Plow
42:54 Stone Shaft Mining
43:17 Husbandry
43:58 Town Watch
44:49 Wheelbarrow
45:12 Ballistics
46:14 Iron Casting
45:35 Bodkin Arrow
45:46 Scale Barding Armor
45:42 Padded Archer Armor
45:42 Scale Mail Armor
50:46 Imperial Age
49:52 Leather Archer Armor
49:53 Chain Mail Armor
49:58 Chain Barding Armor
49:52 Fervor
50:39 Murder Holes
50:35 Guard Tower
50:56 Fortified Wall
PJRC
4:31 Loom
20:29 Feudal Age
21:25 Horse Collar
21:33 Double-Bit Axe
21:36 Town Watch
22:28 Wheelbarrow
21:46 Gold Mining
21:48 Stone Mining
23:45 Arson
23:23 Man-at-Arms
26:59 Castle Age
26:23 Bloodlines
27:42 Fishing Lines
28:45 Bow Saw
28:37 Heavy Plow
29:50 Fervor
29:53 Fervor
29:39 Herbal Medicine
30:00 Fervor
29:47 Herbal Medicine
29:49 Gillnets
30:28 Squires
29:49 Pikeman
30:59 Husbandry
31:29 Hand Cart
33:17 Fortified Wall
33:20 Caravan
37:01 Imperial Age
40:19 Two-Man Saw
38:41 Elite Chu Ko Nu
40:25 Chemistry
40:30 Town Patrol
41:12 Gold Shaft Mining
41:13 Stone Shaft Mining
40:53 Padded Archer Armor
40:44 Fletching
42:21 Ballistics
41:47 Arrowslits
42:21 Leather Archer Armor
42:02 Bodkin Arrow
44:49 Great Wall
45:14 Thumb Ring
45:43 Ring Archer Armor
45:14 Bracer
Nightshade
4:06 Loom
4:10 Loom
17:10 Feudal Age
18:58 Wheelbarrow
18:10 Town Watch
19:54 Fishing Lines
22:03 Horse Collar
23:57 Gold Mining
23:58 Stone Mining
27:13 Castle Age
25:11 Double-Bit Axe
26:44 Fletching
26:54 Padded Archer Armor
29:29 Hand Cart
30:23 Elite Skirmisher
32:28 Treadmill Crane
33:41 Gillnets
34:44 Pikeman
38:02 Murder Holes
39:38 Guard Tower
40:08 Ballistics
40:13 Bodkin Arrow
43:21 Town Patrol
Connection lost

Rejoining the realm…

Still unreachable

The connection could not be restored.

Session expired

The server has moved on; the page needs a fresh start.